AoeStats
← Aegis266

Arabia

506205004Analyzed
1v1 RM · 20d ago on Sep 12, 2026· 29m 27s· 2 players
Game mode
Random Map
Map size
Tiny (2 player)
Population
200
Speed
Normal
Resources
Standard
Victory
Conquest
Starting age
Dark Age
Ending age
Imperial Age
RankedLock teamsTeams togetherTeam positionsShared explorationLock speedFull tech treeHidden civsTurbo modeCheats
Victory
Defeat
🇩🇪 Magyars · Germany
1650
+14
🇨🇳 Magyars · China
1607
-14
Joeodessa
6:13 Loom
9:20 Feudal Age
10:00 Double-Bit Axe
11:25 Horse Collar
21:43 Castle Age
20:03 Bloodlines
20:02 Fletching
20:49 Padded Archer Armor
22:27 Bodkin Arrow
23:00 Bow Saw
23:10 Gold Mining
25:05 Ballistics
27:08 Crossbowman
27:53 Thumb Ring
Aegis266
6:34 Loom
9:09 Feudal Age
10:31 Horse Collar
11:12 Double-Bit Axe
21:07 Castle Age
19:23 Fletching
19:53 Fletching
20:03 Padded Archer Armor
21:24 Gold Mining
22:57 Bodkin Arrow
22:27 Elite Skirmisher
24:04 Leather Archer Armor
24:45 Bow Saw
26:02 Heavy Plow
30:29 Wheelbarrow
Connection lost

Rejoining the realm…

Still unreachable

The connection could not be restored.

Session expired

The server has moved on; the page needs a fresh start.